 Dungeon Crawl Stone Soup version 0.19.1 (webtiles) character file.

81 Firecrotchwizard the Shield-Bearer (level 4, 0/29 HPs)
             Began as a Gargoyle Fighter on Dec 6, 2016.
             Slain by an adder (1 damage)
             ... on level 2 of the Dungeon.
             The game lasted 00:02:20 (882 turns).

Firecrotchwizard the Shield-Bearer (GrFi)            Turns: 882, Time: 00:02:21

Health: 0/29       AC: 11    Str: 20    XL:     4   Next: 40%
Magic:  13/13      EV:  7    Int:  8    God:
Gold:   129        SH:  9    Dex: 10    Spells: 0 memorised, 3 levels left

rFire  . . .     SeeInvis .     i - -1 whip (curse)
rCold  . . .     Gourm    .     b - +0 scale mail
rNeg   + . .     Faith    .     c - +0 shield
rPois  ∞         Spirit   .     (no helmet)
rElec  +         Reflect  .     (no cloak)
rCorr  .         Harm     .     (no gloves)
MR     .....                    (no boots)
Stlth  ..........               (no amulet)
                                k - +1 ring of protection
                                e - ring of magical power

@: no status effects
A: negative energy resistance 1, electricity resistance, unbreathing,
petrification resistance, rot immunity, AC +3
a: no special abilities


You were on level 2 of the Dungeon.
You were not hungry.

You visited 1 branch of the dungeon, and saw 2 of its levels.

You collected 129 gold pieces.

Inventory:

Hand Weapons
 a - a +0 flail
 i - a cursed -1 whip (weapon)
Missiles
 j - 11 stones (quivered)
Armour
 b - a +0 scale mail (worn)
 c - a +0 shield (worn)
Jewellery
 e - a ring of magical power (left hand)
 k - a +1 ring of protection (right hand)
Potions
 d - a potion of might
 m - a potion of brilliance {unknown}
Comestibles
 f - a bread ration
 g - 4 fruits
 h - a slice of pizza


   Skills:
 * Level 3.8 Fighting
 * Level 3.0 Maces & Flails
 + Level 3.8 Armour
 + Level 4.0 Shields


You had 3 spell levels left.
You didn't know any spells.

Dungeon Overview and Level Annotations

Branches:
Dungeon (2/15)

Altars:
Kikubaaqudgha

Annotations:
D:2 1 runed door


Innate Abilities, Weirdness & Mutations

You are resistant to torment.
Your stone body is resilient. (AC +3)
You are immune to poison.
You resist negative energy. (rN+)
You are resistant to electric shocks. (rElec)
You can survive without breathing.
You are immune to petrification.
You are immune to rotting.


Message History

The adder bites you.
* * * LOW HITPOINT WARNING * * *
You miss the adder.
The adder is lightly wounded.
The adder barely misses you. The adder bites you but does no damage.
You miss the adder.
The adder is lightly wounded.
You block the adder's attack.
You closely miss the adder.
The adder is lightly wounded.
The adder bites you.
* * * LOW HITPOINT WARNING * * *
You miss the adder.
The adder is lightly wounded.
You block the adder's attack. The adder bites you.
* * * LOW HITPOINT WARNING * * *
You miss the adder.
The adder is lightly wounded.
The adder bites you.
You die...

.# .# .#.##
.##...# .#...# .#
##.... #.# #.S.#
#.# #@.#
#.##..#######
####...........#.#
.........)).......
.........#########
#.#####[## # #.#
#.# #####
###)###...#
#######


You could see an adder.

Vanquished Creatures
  3 gnolls (D:2)
  An adder (D:2)
  An ooze (D:1)
  A worm (D:2)
  A dart slug (D:2)
  4 leopard geckos
  4 bats
  A giant cockroach (D:1)
  2 goblins
  2 hobgoblins (D:1)
  8 kobolds
  2 frilled lizards (D:2)
  3 rats (D:1)
33 creatures vanquished.

Notes
Turn   | Place    | Note
-------+----------+-------------------------------------------
     0 | D:1      | Firecrotchwizard the Gargoyle Fighter began the quest for the Orb.
     0 | D:1      | Reached XP level 1. HP: 14/14 MP: 1/1
    28 | D:1      | Reached XP level 2. HP: 13/19 MP: 2/2
   424 | D:1      | Reached XP level 3. HP: 20/24 MP: 3/3
   576 | D:2      | Found a runed door.
   650 | D:2      | Found an ancient bone altar of Kikubaaqudgha.
   820 | D:2      | HP: 1/24 [gnoll/spear (1)]
   821 | D:2      | Reached XP level 4. HP: 2/29 MP: 4/4
   828 | D:2      | Reached skill level 4 in Shields
   881 | D:2      | HP: 1/29 [adder (3)]
   882 | D:2      | Slain by an adder

Skill      XL: |  1  2  3  4 |
---------------+-------------+-----
Maces & Flails | 3 |  3.0
Shields        | 4 |  4.0
Fighting       | |  3.8
Armour         | |  3.8

Action                   |  1- 3 |  4- 6 || total
-------------------------+-------+-------++-------
Melee: Flail             |    53 |       ||    53
       Whip              |   114 |    24 ||   138
  Use: Scroll            |     1 |       ||     1
Armor: Scale mail        |    80 |    15 ||    95
Dodge: Dodged            |    43 |     5 ||    48
Block: Shield            |    98 |    15 ||   113
